 Dungeon Crawl Stone Soup version 0.30-a0-1102-g2dbb833546 (console) character file.

Game seed: 17717406849338549522

761 Kenran the Grappler (level 7, -2/53 (60) HPs)
             Began as a Minotaur Delver on Apr 18, 2023.
             Was a Follower of Uskayaw.
             Slain by a wight
             ... wielding a +3 falchion of freezing
              (4 damage)
             ... on level 4 of the Dungeon.
             The game lasted 00:13:47 (6228 turns).

Kenran the Grappler (Minotaur Delver)               Turns: 6228, Time: 00:13:47

HP:   -2/53 (60)    AC:  4    Str: 18    XL:     7   Next: 51%
MP:   7/7           EV: 17    Int:  7    God:    Uskayaw [*.....]
Gold: 211           SH:  0    Dex: 12    Spells: 6/6 levels left

rFire   . . .      SeeInvis .      - Unarmed
rCold   . . .      Faith    +    (no shield)
rNeg    . . .      Spirit   .    a - +0 leather armour
rPois   .          Reflect  .    (helmet restricted)
rElec   .          Rampage  .    s - +0 cloak
rCorr   +                        (no gloves)
Will    .....                    (no boots)
Stlth   ++                       x - amulet of faith {!P}
HPRegen 0.28/turn                t - ring of resist corrosion
MPRegen 0.10/turn                w - +5 ring of evasion

@: hasted, heavily drained, very quick
A: horns 2, retaliatory headbutt
a: Renounce Religion, Stomp


You were on level 4 of the Dungeon.
You worshipped Uskayaw.
Uskayaw was noncommittal.
You visited 1 branch of the dungeon, and saw 6 of its levels.

You collected 211 gold pieces.

Inventory:

Missiles
 v - a throwing net (quivered)
Armour
 a - a +0 leather armour (worn)
 s - a +0 cloak (worn)
Jewellery
 t - a ring of resist corrosion (left hand)
 w - a +5 ring of evasion (right hand)
 x - an amulet of faith (around neck) {!P}
Wands
 f - a wand of digging (3)
 i - a wand of flame (20)
Scrolls
 b - 2 scrolls of fog
 c - 3 scrolls of magic mapping
 k - a scroll of vulnerability {!r}
 n - 2 scrolls of poison {!r}
 q - a scroll of blinking
 r - 2 scrolls of immolation {!r}
Potions
 e - 2 potions of haste
 g - 2 potions of might {unknown}
 h - a potion of cancellation {unknown}
 j - 2 potions of attraction {unknown}
 l - 4 potions of curing {@q1}
 m - a potion of brilliance {unknown}
 o - 2 potions of mutation {unknown}
 u - a potion of heal wounds {unknown}


   Skills:
 + Level 4.9 Fighting
 - Level 2.0 Armour
 - Level 3.0 Dodging
 - Level 4.3 Stealth
 - Level 8.0 Unarmed Combat
 + Level 1.6 Invocations


You had 6 spell levels left.
You didn't know any spells.
Your spell library contained the following spells:

 Spells                   Type           Power      Damage    Failure   Level
 Slow                     Hex            0%         N/A       50%         1
 Static Discharge         Conj/Air       0%         2-2/arc   63%         2
 Confusing Touch          Hex            0%         N/A       86%         3
 Gell's Gravitas          Tloc           0%         N/A       86%         3
 Portal Projectile        Hex/Tloc       0%         N/A       86%         3
 Teleport Other           Tloc           0%         N/A       86%         3
 Tukima's Dance           Hex            0%         N/A       86%         3
 Vampiric Draining        Necr           0%         2d6       86%         3
 Airstrike                Air            0%         2d(0-16)  99%         4
 Summon Lightning Spire   Summ/Air       0%         N/A       99%         4
 Blade Hands              Tmut           0%         N/A       100%        5
 Dispersal                Tloc           0%         N/A       100%        6


Dungeon Overview and Level Annotations

Branches:
Dungeon (6/15)             Temple (0/1) D:5

Altars:
Ashenzari
Dithmenos
Gozag
Qazlal
Trog
Uskayaw
Wu Jian
Yredelemnul


Innate Abilities, Weirdness & Mutations

You have a pair of horns on your head.
You reflexively headbutt those who attack you in melee.


Message History

You feel drained. The wight completely misses you.
There is a stone staircase leading up, spattered with blood here.
The wight closely misses you. You furiously retaliate!
You headbutt the wight!
The wight hits you with a +3 falchion of freezing.
The wight freezes you.
You climb upwards.
There is a stone staircase leading down here.
The wight attacks as you move away! The wight hits you with a +3 battleaxe!
The wight misses you. You furiously retaliate!
You headbutt the wight.
You can now pass through a line of other dancers.
The wight attacks as you move away!
The wight hits you with a +3 falchion of freezing.
You feel drained. The wight freezes you.
* * * LOW HITPOINT WARNING * * *
The wight attacks as you move away!
The wight hits you with a +3 falchion of freezing!
* * * LOW HITPOINT WARNING * * *
The wight freezes you.
* * * LOW HITPOINT WARNING * * *
Blink to where?
Press: ? - help, Dir - move target
As you read the scroll of blinking, it crumbles to dust.
You can no longer pass through a line of other dancers.
There is a stormy altar of Qazlal here.
There is an open door here.
There is an open door here.
There is an open door here.
There is a stone staircase leading down here.
You can't go up here!
There is an open door here.
Items here: )))).
There is an open door here.
The wight hits you with a +3 falchion of freezing!
You feel drained. The wight freezes you.
* * * LOW HITPOINT WARNING * * *
You feel yourself speed up.
The wight hits you with a +3 falchion of freezing!
* * * LOW HITPOINT WARNING * * *
The wight freezes you.
You die...

#.##.......### #.........
###'##'###.....#
##########
#........#.....# #...
#........#.....# #.##
###........###'### #.#.
..........## #.# #.##
######....####'#### #...
# ###............####
#### #
#.................# #
#.................# #
#........(..#@....# #
#.......###.#z...########
####.......#
#.............#
...+.......#
#.............#
####.......#
#.............# #.......#
#...#.........# ####'####
#...#.........# #.#
#...#.........# #.#
#####.........# #.#
#.........# #.#
###########


You could see a wight.

Vanquished Creatures
  A scorpion (D:5)
  A centaur zombie (D:5)
  An orc priest (D:5)
  3 jellies
  Crazy Yiuf (D:2)
  A sleepcap (D:5)
  2 iguanas
  2 scorpion zombies (D:5)
  A killer bee zombie (D:5)
  Robin (D:3)
  10 gnolls
  7 adders
  A shadow imp (D:5)
  A white imp (D:5)
  2 ufetubi (D:5)
  2 worms (D:2)
  5 dart slugs
  16 orcs
  4 ball pythons
  10 bats
  15 endoplasms
  5 giant cockroaches
  16 goblins
  14 hobgoblins
  12 jackals
  2 quokkas (D:1)
  4 frilled lizards
  7 kobolds
  9 rats
156 creatures vanquished.

Notes
Turn   | Place    | Note
-------+----------+-------------------------------------------
     0 | D:5      | Kenran the Minotaur Delver began the quest for the Orb.
     0 | D:5      | Reached XP level 1. HP: 19/19 MP: 0/0
     1 | D:5      | Found an opulent altar of Gozag.
    78 | D:4      | Found a stormy altar of Qazlal.
   173 | D:2      | Reached XP level 2. HP: 22/27 MP: 1/1
   553 | D:2      | Found a faded altar of an unknown god.
   646 | D:2      | Reached skill level 3 in Unarmed Combat
   646 | D:2      | Reached XP level 3. HP: 33/33 MP: 2/2
   812 | D:2      | Found a runed translucent door.
   813 | D:2      | Noticed Crazy Yiuf
   934 | D:2      | Reached skill level 4 in Unarmed Combat
   940 | D:2      | Reached XP level 4. HP: 32/40 MP: 3/3
  2053 | D:2      | Reached skill level 5 in Unarmed Combat
  2210 | D:2      | Killed Crazy Yiuf
  2211 | D:2      | Reached XP level 5. HP: 45/46 MP: 4/4
  2481 | D:3      | Noticed Robin
  2686 | D:3      | Found a hide-covered altar of Uskayaw.
  2771 | D:3      | Found a bloodstained altar of Trog.
  2808 | D:3      | Killed Robin
  2809 | D:3      | Reached skill level 6 in Unarmed Combat
  3186 | D:3      | Found a shadowy altar of Dithmenos.
  3521 | D:4      | Reached XP level 6. HP: 38/52 MP: 5/5
  3906 | D:4      | Found an ornate altar of the Wu Jian Council.
  4198 | D:3      | Became a worshipper of Uskayaw the Reveller
  4252 | D:3      | Reached * piety under Uskayaw
  4261 | D:3      | Reached ** piety under Uskayaw
  4492 | D:5      | Reached skill level 7 in Unarmed Combat
  4572 | D:5      | Reached *** piety under Uskayaw
  4575 | D:5      | Reached **** piety under Uskayaw
  4813 | D:5      | Found a basalt altar of Yredelemnul.
  4847 | D:5      | Reached skill level 8 in Unarmed Combat
  4847 | D:5      | Reached XP level 7. HP: 57/59 MP: 6/6
  4986 | D:5      | Found a broken altar of Ashenzari.
  5018 | D:5      | Reached skill level 1 in Armour
  5517 | D:5      | Found a staircase to the Ecumenical Temple.
  5832 | D:6      | Reached skill level 1 in Invocations
  6228 | D:4      | HP: 2/53 [wight/+3 falchion of freezing (10)]
  6228 | D:4      | Slain by a wight

Illustrated notes

Levels and vault maps discovered:
D:1:      minmay_arrival_stair_chambers, layout_basic, grunt_decor_resistance
D:2:      minmay_diamond_boxcup, layout_basic, ebering_ecumenical_altar_rust,
          guppyfry_early_lair_pool, uniq_crazy_yiuf_cottage
D:3:      layout_basic, lemuel_coloured_pillars_altar,
          nicolae_uskayaw_murder_on_the_dancefloor,
          mainiacjoe_overflow_alcove_1, chequers_serial_rivers_micro_b,
          uniq_robin
D:4:      mumra_celtic_spiral_tile, layout_basic, nzn_wu_jian_council_hall,
          grunt_qazlal_clouds
D:5:      layout_basic, nicolae_gozag_cash_rules_everything_around_me,
          nicolae_yredelemnul_corpse_copse, evilmike_ruin_ashenzari,
          minmay_temple_entry_poolview
D:6:      wander_guarded_unrand_ratskin, layout_basic, good_gods_temple_1

Skill      XL: |  1  2  3  4  5  6  7 |
---------------+----------------------+-----
Fighting       | 4 |  4.9
Unarmed Combat | 3 4 5 6 8 |  8.0
Armour         | 2 |  2.0
Dodging        | 3 |  3.0
Invocations    | 1 |  1.6
Stealth        | |  4.3

Action                     |  1- 3 |  4- 6 |  7- 9 || total
---------------------------+-------+-------+-------++-------
  Melee: Unarmed           |    99 |   243 |    47 ||   389
         Headbutt          |    11 |    45 |    14 ||    70
         Punch             |     1 |     9 |     2 ||    12
    Use: Scroll            |       |     7 |     2 ||     9
         Potion            |       |       |     2 ||     2
   Stab: Sleeping          |     4 |    16 |     2 ||    22
         Fleeing           |       |     1 |       ||     1
         Paralysed         |       |       |     1 ||     1
 Armour: Leather armour    |    23 |    46 |     5 ||    74
  Dodge: Dodged            |    78 |   157 |    48 ||   283

Table legend: (Time is in decaauts)
 A = Elapsed time spent in this place.
 B = Non-inter-level travel time spent in this place.
 C = Inter-level travel time spent in this place.
 D = Time resting spent in this place.
 E = Time spent auto-exploring this place.
 F = Levels seen in this place.
 G = Mean time per level.
                   A        B        C        D        E       F      G
               +--------+--------+--------+--------+--------+-----+--------+
         Total |   6190 |   5931 |    259 |    956 |   3247 |   6 | 1031.7 |
       Dungeon |   6190 |   5931 |    259 |    956 |   3247 |   6 | 1031.7 |
               +--------+--------+--------+--------+--------+-----+--------+

Top non-repeatable levels by time:
     D:5: 1566 daAuts
     D:3: 1312 daAuts
     D:2: 1227 daAuts
     D:4: 1148 daAuts
     D:1: 892 daAuts
     D:6: 43 daAuts
